 Dungeon Sprint DCSS version 0.28-a0-697-g47f3eba078 (webtiles) character file.

Game seed: 5035448802307583364

625642 SmokeWeed the Swordmaster (level 20, -47/282 (324) HPs)
             Began as a Minotaur Gladiator on Oct 24, 2021.
             Was the Champion of Okawaru.
             Killed from afar by a Tzitzimitl (51 damage)
             ... with a bolt of negative energy
             ... summoned by Ereshkigal
             ... in the Dungeon (Sprint IX: "|||||||||||||||||||||||||||||").
             The game lasted 01:24:00 (8410 turns).

SmokeWeed the Swordmaster (Minotaur Gladiator)      Turns: 8410, Time: 01:24:01

HP:   -47/282 (324) AC: 47    Str: 31    XL:     20   Next: 81%
MP:   45/45         EV: 22    Int: 14    God:    Okawaru [******]
Gold: 1090          SH: 31    Dex: 15    Spells: 39/39 levels left

rFire   . . .      SeeInvis +   O - +5 double sword "Vaij" {drain, MP+9 Stlth+}
rCold   . . .      Faith    .   K - +1 tower shield of Erchurhi {+Inv rC+ SInv}
rNeg    . . .      Spirit   .   B - +8 orange crystal plate armour {Archmagi, Int+3 Clar}
rPois   .          Reflect  +   o - +2 hat {SInv}
rElec   .          Harm     .   M - scarf {+Inv}
rCorr   .          Rampage  .   x - +2 pair of gloves {archery}
Will    +....      Archmagi +   w - +0 pair of boots "Nuas" {Regen+} Stlth ..........Clarity +
                                A - amulet of reflection
HPRegen 1.57/turn  NoTele   +   z - +6 ring of intelligence
MPRegen 0.29/turn               J - ring of the Unstoppable Xalams {rC- EV+3 Str+4 Dex+4}

@: mighty, berserking (expiring), heroic, hasted (expiring), silenced, heavily
drained, very quick
A: horns 2, retaliatory headbutt, clumsy 1
}: 13/17 runes: decaying, serpentine, barnacled, slimy, elven, silver, golden,
iron, abyssal, glowing, magical, dark, gossamer
a: Renounce Religion, Evoke Invisibility


You were in the Dungeon.
You worshipped Okawaru.
Okawaru was exalted by your worship.
You visited 1 branch You collected 1975 gold pieces.
You spent 885 gold pieces at shops.

Inventory:

Hand Weapons
 a - a +7 double sword
 H - a +0 demon blade of flaming
 O - the +5 double sword "Vaij" (weapon) {drain, MP+9 Stlth+}
   (You found it in the Dungeon)

   A truly terrible weapon, it drains the life of any living foe it strikes.
   MP:        It affects your magic capacity (+9).
   Stlth:     It makes you more stealthy.
 P - the +3 long sword "Jutyuc" {vorpal, rN+++ rCorr Dex+6}
   (You found it in the Dungeon)

   It inflicts extra damage upon your enemies.
   Dex:       It affects your dexterity (+6).
   rN:        It renders you almost immune to negative energy.
   rCorr:     It protects you from acid and corrosion.
 R - the +6 sword of Cerebov {flame}
   (You took it off Cerebov in the Dungeon)

   It burns those it strikes, dealing additional fire damage.
   Big, fiery blades are also staple armaments of hydra-hunters.
   It temporarily reduces the fire resistance of those it strikes.
Missiles
 d - a throwing net
 D - 6 boomerangs (quivered)
 E - 5 atropa-tipped darts
 F - 10 curare-tipped darts
 G - 2 boomerangs of dispersal
Armour
 o - a +2 hat of see invisible (worn)
 w - the +0 pair of boots "Nuas" (worn) {Regen+}
   (You acquired it in the Dungeon)

   Regen:     It increases your rate of health regeneration.
 x - a +2 pair of gloves of archery (worn)
 B - the +8 orange crystal plate armour (worn) {Archmagi, Int+3 Clar}
   (You found it in the Dungeon)

   Int:       It affects your intelligence (+3).
   Clar:      It protects you against confusion.
 K - the +1 tower shield of Erchurhi (worn) {+Inv rC+ SInv}
   (Okawaru gifted it to you in the Dungeon)

   rC:        It protects you from cold.
   SInv:      It lets you see invisible.
   +Inv:      It lets you turn invisible.
 M - a scarf of invisibility (worn)
Jewellery
 b - a +6 ring of strength
 m - a +6 ring of strength
 p - a +3 ring of intelligence
 q - a +3 ring of strength
 z - a +6 ring of intelligence (left hand)
 A - an amulet of reflection (around neck)
 J - the ring of the Unstoppable Xalams (right hand) {rC- EV+3 Str+4 Dex+4}
   (You found it in the Dungeon)

   [ring of evasion]

   EV:        It affects your evasion (+3).
   Str:       It affects your strength (+4).
   Dex:       It affects your dexterity (+4).
   rC:        It makes you vulnerable to cold.
 L - a +4 ring of evasion
Wands
 l - a wand of iceblast (12)
 N - a wand of flame (12)
Scrolls
 c - 4 scrolls of fear
 j - a scroll of blinking
 k - 2 scrolls of amnesia
 s - 2 scrolls of enchant weapon
 t - 4 scrolls of fog
 v - 3 scrolls of identify
 C - 4 scrolls of enchant armour
Potions
 e - 10 potions of curing
 f - 5 potions of heal wounds
 g - 2 potions of resistance
 h - 9 potions of magic
 i - a potion of might
 n - 2 potions of brilliance
 I - 2 potions of attraction
 Q - a potion of haste
Miscellaneous
 S - the horn of Geryon


   Skills:
 O Level 27 Fighting
 + Level 15.9(27) Short Blades
 O Level 27 Long Blades
 + Level 15.9(27) Slings
 O Level 27 Throwing
 O Level 27 Armour
 + Level 21.4(26.4) Dodging
 O Level 27 Stealth
 O Level 27 Shields
 + Level 15.8(20.8) Unarmed Combat
 + Level 10.3 Spellcasting
 + Level 11.2 Necromancy
 O Level 27 Invocations
 O Level 27 Evocations


You had 39 spell levels left.
You didn't know any spells.
Your spell library contained the following spells:

 Spells                   Type           Power      Damage    Failure   Level
 Blink                    Tloc           N/A        N/A       58%         2
 Manifold Assault         Tloc           10%        N/A       100%        5
 Storm Form               Tmut/Air       5%         N/A       100%        7
 Chain Lightning          Conj/Air       5%         3d6       100%        9
 Fire Storm               Conj/Fire      5%         8d1       100%        9
 Shatter                  Erth           5%         3d8*      100%        9


Dungeon Overview and Level Annotations

Branches:
Dungeon (1/1)

Altars:
Cheibriados
Dithmenos
Elyvilon
Fedhas
Gozag
Hepliaklqana
Kikubaaqudgha
Makhleb
Nemelex Xobeh
Okawaru
Qazlal
Ru
Sif Muna
Trog
Uskayaw
Vehumet
Wu Jian
Xom
Yredelemnul
Zin
The Shining One
Beogh
Jiyva
Lugonu

Shops:
D :=[:

Annotations:
D Ereshkigal


Innate Abilities, Weirdness & Mutations

You have a pair of horns on your head.
You reflexively headbutt those who attack you in melee.
You are clumsy. (Dex -2)


Message History

* * * LOW HITPOINT WARNING * * *
You block the Tzitzimitl's attack. x2
You slice Ereshkigal!! Your headbutt misses Ereshkigal.
Ereshkigal is severely wounded.
Ereshkigal misses you.
You completely miss Ereshkigal. Your headbutt misses Ereshkigal.
Ereshkigal is severely wounded.
Your extra speed is starting to run out.
You slice Ereshkigal!! Your headbutt misses Ereshkigal.
Ereshkigal is severely wounded.
Ereshkigal gestures.
You block the Tzitzimitl's attack. The Tzitzimitl barely misses you.
You completely miss Ereshkigal. Your headbutt misses Ereshkigal.
Ereshkigal is severely wounded.
You block Ereshkigal's attack.
You slice Ereshkigal like a ripe choko!!!
Your headbutt misses Ereshkigal.
Ereshkigal is almost dead.
The Tzitzimitl engulfs you but does no damage.
You block the Tzitzimitl's attack. The Tzitzimitl gestures at you.
The bolt of negative energy hits the Tzitzimitl.
The Tzitzimitl completely resists.
The bolt of negative energy hits Ereshkigal.
Ereshkigal completely resists.
The bolt of negative energy misses you.
The bolt of negative energy hits the Tzitzimitl.
The Tzitzimitl completely resists.
You slash Ereshkigal! Your headbutt misses Ereshkigal.
Ereshkigal is almost dead.
You block Ereshkigal's attack.
You closely miss Ereshkigal.
Ereshkigal is almost dead.
You block the Tzitzimitl's attack. x2; Ereshkigal hits you!
* * * LOW HITPOINT WARNING * * *
The Tzitzimitl gestures at you.
The bolt of negative energy misses the Tzitzimitl.
The bolt of negative energy hits Ereshkigal.
Ereshkigal completely resists.
The bolt of negative energy hits you!!!
You feel drained.
You die...

▓▓▓▓▓▓▓▓▓▓▓▓▓▓▓▓▓▓▓▓▓▓▓▓▓▓▓▓▓▓▓▓▓
.............11&@1...............
▓▓▓▓▓▓▓▓▓▓▓▓▓▓▓▓▓▓▓▓▓▓▓▓▓▓▓▓▓▓▓▓▓
.................................
▓▓▓▓▓▓▓▓▓▓▓▓▓▓▓▓▓▓▓▓▓▓▓▓▓▓▓▓▓▓▓▓▓
[........'..........'......÷÷...†
▓▓▓▓▓▓▓▓▓▓▓▓▓▓▓▓▓▓▓▓▓▓▓▓▓▓▓▓▓▓▓▓▓
.................................
▓▓▓▓▓▓▓▓▓▓▓▓♣♣♣♣♣♣♣♣♣♣♣♣▓▓▓▓▓▓▓▓▓
)).)).)).))).....)))))))....))[.)


You could see Ereshkigal (silencing) and 3 Tzitzimimeh.

Vanquished Creatures
  Cerebov (D)
  Asmodeus (D)
  Antaeus (D)
  the Royal Jelly (D)
  Gloorx Vloq (D)
  Lom Lobon (D)
  Mnoleg (D)
  Dispater (D)
  4 orbs of fire (D)
  5 ancient liches (D)
  Mara (D)
  7 royal mummies (D)
  Boris (D)
  Frederick (D)
  A curse toe (D)
  Margery (D)
  A Killer Klown (D)
  Xtahua (D)
  Geryon (D)
  5 golden dragons (D)
  Jory (D)
  A bone dragon (D)
  2 electric golems (D)
  Rupert (D)
  4 liches (D)
  2 deep elf blademasters (D)
  8 tentacled monstrosities (D)
  27 Orb Guardians (D)
  9 acid blobs (D)
  3 quicksilver dragons (D)
  A deep elf master archer (D)
  15 sphinxes (D)
  8 shadow dragons (D)
  A draconian monk (D)
  Donald (D)
  Kirke (D)
  6 storm dragons (D)
  A thorn hunter (D)
  Ilsuiw (D)
  9 rockslimes (D)
  5 nagarajas (D)
  A fire giant (D)
  4 azure jellies (D)
  A draconian knight (D)
  A draconian scorcher (D)
  3 vault wardens (D)
  An orc warlord (D)
  Aizul (D)
  Louise (D)
  2 emperor scorpions (D)
  2 deep elf sorcerers (D)
  4 ghost moths (D)
  2 frost giants (D)
  3 draconian shifters (D)
  3 draconian stormcallers (D)
  A quicksilver ooze (D)
  6 stone giants (D)
  6 ironbound preservers (D)
  2 very ugly things (D)
  2 deep elf demonologists (D)
  2 green draconians (D)
  3 black draconians (D)
  A red draconian (D)
  8 vampire knights (D)
  3 yellow draconians (D)
  2 entropy weavers (D)
  5 deep elf annihilators (D)
  2 bunyips (D)
  A white draconian (D)
  2 purple draconians (D)
  A dire elephant (D)
  4 deep elf death magi (D)
  5 ettins (D)
  3 merfolk javelineers (D)
  3 fire dragons (D)
  Josephine (D)
  4 merfolk impalers (D)
  5 mummy priests (D)
  A rakshasa (D)
  A yaktaur captain (D)
  2 naga warriors (D)
  25 vault guards (D)
  8 hydras (D)
  2 great orbs of eyes (D)
  2 boulder beetles (D)
  A salamander tyrant (D)
  8 ice dragons (D)
  An ironbound frostheart (D)
  An ogre mage (D)
  4 centaur warriors (D)
  A satyr (D)
  3 deep troll shamans (D)
  3 merfolk aquamancers (D)
  3 tengu warriors (D)
  An alligator (D)
  2 deep troll earth magi (D)
  2 merfolk avatars (D)
  A vampire mage (D)
  A spriggan berserker (D)
  Nergalle (D)
  4 hell knights (D)
  10 orc high priests (D)
  A sun demon (D)
  2 wretched stars (D)
  A goliath frog (D)
  5 swamp dragons (D)
  A naga ritualist (D)
  2 ironbound convokers (D)
  4 wizards (D)
  2 harpies (D)
  10 orc knights (D)
  A wolf spider (D)
  A necromancer (D)
  A salamander (shapeshifter) (D)
  2 manticores (D)
  2 orc sorcerers (D)
  A vault sentinel (D)
  11 moths of wrath (D)
  An elephant (D)
  A black mamba (D)
  2 guardian serpents (D)
  An unseen horror (shapeshifter) (D)
  6 cane toads (D)
  5 naga magi (D)
  4 demonic crawlers (D)
  Psyche (D)
  2 komodo dragons (D)
  16 guardian mummies (D)
  A hellwing (D)
  A wandering mushroom (D)
  A bloated husk (D)
  2 merfolk (D)
  2 jumping spiders (D)
  A meliai (D)
  3 blink frogs (D)
  3 hornets (D)
  2 tyrant leeches (D)
  A wind drake (D)
  A slime creature (D)
  4 wraiths (D)
  13 spriggans (D)
  A shadow (D)
  3 tarantellas (D)
  4 starcursed masses (D)
  2 redbacks (D)
  A basilisk (D)
  5 yaks (D)
  2 water elementals (D)
  2 ynoxinuls (D)
  2 wyverns (D)
  A steam dragon (D)
  A golden eye (D)
  3 humans (D)
  2 vampire mosquitoes (D)
  5 nagas (D)
  3 water moccasins (D)
  2 large abominations (D)
  2 floating eyes (D)
  7 orc warriors (D)
  A sky beast (D)
  An ice beast (shapeshifter) (D)
  A centaur (D)
  A boggart (D)
  4 bullfrogs (D)
  A howler monkey (D)
  A hound (D)
  2 orc priests (D)
  5 orc wizards (D)
  A hell rat (D)
  A gnoll (D)
  2 dart slugs (D)
  6 orcs (D)
  A bat zombie (D)
  A kobold (D)
  A quokka (D)
  A bat (D)
  A bat simulacrum (D)
  A frilled lizard (D)
  3 ball lightnings (D)
538 creatures vanquished.

Vanquished Creatures (others)
  A ball lightning (D)
1 creature vanquished.

Grand Total: 539 creatures vanquished

Notes
Turn   | Place    | Note
-------+----------+-------------------------------------------
     0 | D        | SmokeWeed the Minotaur Gladiator began the quest for the
                  | Orb.
     0 | D        | Reached XP level 1. HP: 18/18 MP: 0/0
    15 | D        | Reached skill level 5 in Fighting
    15 | D        | Reached XP level 2. HP: 25/29 MP: 1/1
    49 | D        | Noticed a howler monkey
    49 | D        | Noticed a sky beast
    54 | D        | Killed a sky beast
    55 | D        | Reached XP level 3. HP: 47/47 MP: 2/2
    55 | D        | Reached XP level 4. HP: 55/55 MP: 3/3
    57 | D        | Reached XP level 5. HP: 61/61 MP: 4/4
    92 | D        | Found a snail-covered altar of Cheibriados.
    92 | D        | Found a shadowy altar of Dithmenos.
    92 | D        | Found a white marble altar of Elyvilon.
    92 | D        | Found a blossoming altar of Fedhas.
    92 | D        | Found an opulent altar of Gozag.
    93 | D        | Found a hazy altar of Hepliaklqana.
    94 | D        | Found a viscous altar of Jiyva.
    95 | D        | Found an ancient bone altar of Kikubaaqudgha.
    96 | D        | Found a corrupted altar of Lugonu.
    97 | D        | Found a burning altar of Makhleb.
    98 | D        | Found a sparkling altar of Nemelex Xobeh.
    99 | D        | Found an iron altar of Okawaru.
   100 | D        | Found a stormy altar of Qazlal.
   101 | D        | Found a sacrificial altar of Ru.
   102 | D        | Found a shimmering blue altar of Sif Muna.
   103 | D        | Found a bloodstained altar of Trog.
   104 | D        | Found a hide-covered altar of Uskayaw.
   105 | D        | Found a radiant altar of Vehumet.
   106 | D        | Found an ornate altar of the Wu Jian Council.
   107 | D        | Became a worshipper of Warmaster Okawaru
   108 | D        | Found a shimmering altar of Xom.
   109 | D        | Found a basalt altar of Yredelemnul.
   110 | D        | Found a glowing silver altar of Zin.
   111 | D        | Found a glowing golden altar of the Shining One.
   169 | D        | Noticed a wyvern
   169 | D        | Noticed a yak
   169 | D        | Noticed a wyvern
   169 | D        | Noticed a shadow
   169 | D        | Noticed a yak
   169 | D        | Noticed an orc warrior
   173 | D        | Killed an orc warrior
   174 | D        | Reached skill level 10 in Long Blades
   174 | D        | Reached XP level 6. HP: 53/68 MP: 5/5
   180 | D        | Killed a yak
   180 | D        | Reached * piety under Okawaru
   189 | D        | Killed a shadow
   190 | D        | Reached XP level 7. HP: 22/74 MP: 6/6
   191 | D        | Killed a wyvern
   195 | D        | Killed a yak
   196 | D        | Killed a wyvern
   196 | D        | Reached ** piety under Okawaru
   495 | D        | Noticed a basilisk
   495 | D        | Noticed a harpy
   495 | D        | Noticed a centaur warrior
   495 | D        | Noticed a meliai
   495 | D        | Noticed a centaur warrior
   495 | D        | Noticed a vampire mosquito
   495 | D        | a harpy changed into something unseen
   501 | D        | Killed a vampire mosquito
   502 | D        | Reached XP level 8. HP: 74/82 MP: 8/11
   507 | D        | Killed a centaur warrior
   507 | D        | Reached *** piety under Okawaru
   508 | D        | Reached skill level 10 in Dodging
   509 | D        | Killed a meliai
   515 | D        | Killed a centaur warrior
   515 | D        | Reached **** piety under Okawaru
   516 | D        | Reached XP level 9. HP: 39/91 MP: 9/12
   518 | D        | Killed an unseen horror
   519 | D        | Reached skill level 10 in Armour
   522 | D        | Reached skill level 15 in Long Blades
   897 | D        | Noticed a cane toad
   897 | D        | Noticed a cane toad
   897 | D        | Noticed a cane toad
   897 | D        | Noticed a cane toad
   899 | D        | Noticed an elephant
   905 | D        | Killed a cane toad
   908 | D        | Killed a cane toad
   911 | D        | Killed a cane toad
   912 | D        | Reached XP level 10. HP: 77/101 MP: 7/14
   915 | D        | Killed a cane toad
   915 | D        | Reached ***** piety under Okawaru
   927 | D        | Killed an elephant
   927 | D        | Received a gift from Okawaru
  1177 | D        | Noticed a cane toad
  1180 | D        | Killed a cane toad
  1281 | D        | Noticed a cane toad
  1285 | D        | Reached skill level 5 in Throwing
  1289 | D        | Killed a cane toad
  1289 | D        | Received a gift from Okawaru
  1479 | D        | Noticed an ettin
  1483 | D        | Killed an ettin
  1484 | D        | Reached skill level 10 in Throwing
  1484 | D        | Reached XP level 11. HP: 94/111 MP: 12/15
  1493 | D        | Noticed an orc sorcerer
  1495 | D        | Killed an orc sorcerer
  1559 | D        | Noticed an orc high priest
  1559 | D        | Noticed an orc knight
  1559 | D        | Noticed an orc sorcerer
  1560 | D        | Noticed an orc knight
  1563 | D        | Killed an orc knight
  1563 | D        | Killed an orc high priest
  1564 | D        | Reached skill level 15 in Fighting
  1567 | D        | Killed an orc sorcerer
  1581 | D        | Killed an orc knight
  1840 | D        | Found Tiaraama's Book Boutique.
  1840 | D        | Noticed an orc knight
  1840 | D        | Noticed an orc high priest
  1840 | D        | Noticed an orc high priest
  1840 | D        | Noticed an orc high priest
  1840 | D        | Noticed an orc high priest
  1841 | D        | Noticed a soul eater
  1841 | D        | Noticed a soul eater
  1842 | D        | Killed an orc high priest
  1843 | D        | Killed an orc high priest
  1843 | D        | Killed an orc knight
  1843 | D        | Received a gift from Okawaru
  1844 | D        | Noticed an orc high priest
  1846 | D        | Killed an orc high priest
  1847 | D        | Reached skill level 15 in Armour
  1847 | D        | Killed an orc high priest
  1847 | D        | Received a gift from Okawaru
  1847 | D        | Killed an orc high priest
  1847 | D        | Received a gift from Okawaru
  1850 | D        | Noticed an orc high priest
  1853 | D        | Killed an orc high priest
  1891 | D        | Found Sofurroj's Armour Shop.
  1895 | D        | Found Waog Kul's Jewellery Boutique.
  1897 | D        | Noticed an orc knight
  1902 | D        | Noticed an orc high priest
  1907 | D        | Noticed an orc knight
  1909 | D        | Killed an orc knight
  1910 | D        | Reached XP level 12. HP: 96/121 MP: 15/17
  1911 | D        | Noticed an orc high priest
  1912 | D        | Killed an orc high priest
  1921 | D        | Found Egouliun's Book Shop.
  1922 | D        | Killed an orc high priest
  1929 | D        | Noticed an orc high priest
  1954 | D        | Killed an orc high priest
  2238 | D        | Bought a +6 ring of intelligence for 585 gold pieces
  2238 | D        | Bought an amulet of reflection for 300 gold pieces
  2283 | D        | Noticed Josephine
  2295 | D        | Killed Josephine
  2432 | D        | Got the +9 rapier of Ash {pain, rN+ SInv Stlth+}
  2437 | D        | Found the +8 orange crystal plate armour {Archmagi, Int+3
                  | Clar}
  2578 | D        | Acquired the +0 pair of boots "Nuas" {Regen+}
  2598 | D        | Noticed a tengu warrior
  2598 | D        | Noticed a centaur warrior
  2601 | D        | Killed a tengu warrior
  2602 | D        | Noticed a boulder beetle
  2605 | D        | Killed a centaur warrior
  2605 | D        | Noticed an ogre mage
  2606 | D        | Identified the +4 triple sword of Uckereu {pain, rElec
                  | rPois} (Okawaru gifted it to you in the Dungeon)
  2606 | D        | Received a gift from Okawaru
  2607 | D        | Noticed an ice dragon
  2612 | D        | Noticed a sphinx
  2617 | D        | Noticed an ettin
  2623 | D        | Killed an ogre mage
  2624 | D        | Killed an ettin
  2628 | D        | Noticed a great orb of eyes
  2631 | D        | Killed an ice dragon
  2634 | D        | Killed a sphinx
  2634 | D        | Reached ****** piety under Okawaru
  2634 | D        | Noticed a stone giant
  2642 | D        | Killed a boulder beetle
  2643 | D        | Reached skill level 15 in Dodging
  2644 | D        | Killed a great orb of eyes
  2644 | D        | Received a gift from Okawaru
  2648 | D        | Killed a stone giant
  2650 | D        | Noticed an ice dragon
  2662 | D        | Killed an ice dragon
  2663 | D        | Reached XP level 13. HP: 62/134 MP: 15/18
  2762 | D        | Noticed Psyche
  2769 | D        | Killed Psyche
  2784 | D        | Noticed Rupert
  2785 | D        | Paralysed by Rupert for 7 turns
  2805 | D        | Killed Rupert
  2877 | D        | Reached skill level 15 in Throwing
  2927 | D        | Noticed an entropy weaver
  2940 | D        | Killed an entropy weaver
  3076 | D        | Noticed a merfolk javelineer
  3079 | D        | Received a gift from Okawaru
  3087 | D        | Killed a merfolk javelineer
  3113 | D        | Noticed a bunyip
  3113 | D        | Noticed a thorn hunter
  3113 | D        | Noticed a bunyip
  3115 | D        | Received a gift from Okawaru
  3116 | D        | Reached skill level 1 in Short Blades
  3116 | D        | Reached skill level 1 in Slings
  3116 | D        | Reached skill level 1 in Stealth
  3116 | D        | Reached skill level 1 in Unarmed Combat
  3118 | D        | Killed a bunyip
  3118 | D        | Killed a thorn hunter
  3119 | D        | Reached skill level 1 in Spellcasting
  3119 | D        | Reached skill level 1 in Necromancy
  3119 | D        | Reached skill level 1 in Evocations
  3122 | D        | Killed a bunyip
  3154 | D        | Noticed Kirke
  3159 | D        | Killed Kirke
  3160 | D        | Reached skill level 1 in Shields
  3273 | D        | Noticed a stone giant
  3273 | D        | Noticed an ettin
  3273 | D        | Noticed an ettin
  3274 | D        | Noticed a stone giant
  3276 | D        | Killed an ettin
  3277 | D        | Killed an ettin
  3280 | D        | Killed a stone giant
  3282 | D        | Noticed a storm dragon
  3282 | D        | Killed a stone giant
  3283 | D        | Reached XP level 14. HP: 117/143 MP: 12/20
  3296 | D        | Killed a storm dragon
  3296 | D        | Noticed a stone giant
  3297 | D        | Noticed a stone giant
  3308 | D        | Killed a stone giant
  3309 | D        | Noticed a vampire knight
  3313 | D        | Killed a stone giant
  3325 | D        | Killed a vampire knight
  3330 | D        | Noticed a frost giant
  3338 | D        | Reached skill level 5 in Short Blades
  3338 | D        | Reached skill level 5 in Slings
  3341 | D        | Reached skill level 5 in Unarmed Combat
  3343 | D        | Killed a frost giant
  3389 | D        | Noticed an ironbound preserver
  3389 | D        | Noticed an orc warlord
  3389 | D        | Noticed a vault warden
  3390 | D        | Killed an ironbound preserver
  3390 | D        | Received a gift from Okawaru
  3391 | D        | Reached skill level 10 in Invocations
  3392 | D        | Reached skill level 5 in Shields
  3393 | D        | Killed a vault warden
  3401 | D        | Killed an orc warlord
  3404 | D        | Noticed an ironbound preserver
  3413 | D        | Killed an ironbound preserver
  3414 | D        | Reached skill level 5 in Evocations
  3416 | D        | Reached skill level 5 in Stealth
  3420 | D        | Noticed a vault warden
  3428 | D        | Killed a vault warden
  3431 | D        | Noticed an ironbound preserver
  3434 | D        | Received a gift from Okawaru
  3438 | D        | Noticed an ironbound preserver
  3446 | D        | Killed an ironbound preserver
  3449 | D        | Noticed Nergalle
  3449 | D        | Noticed Frederick
  3464 | D        | Killed Nergalle
  3464 | D        | Killed an ironbound preserver
  3470 | D        | Killed Frederick
  3612 | D        | Noticed Jory
  3632 | D        | Killed Jory
  3971 | D        | Noticed Aizul
  3982 | D        | Killed Aizul
  3983 | D        | Reached skill level 10 in Shields
  4022 | D        | Noticed Louise
  4047 | D        | Killed Louise
  4048 | D        | Reached XP level 15. HP: 142/152 MP: 22/22
  4088 | D        | Noticed Ilsuiw
  4100 | D        | Reached skill level 15 in Shields
  4118 | D        | Killed Ilsuiw
  4120 | D        | Received a gift from Okawaru
  4137 | D        | Got a barnacled rune of Zot
  4166 | D        | Noticed a ghost moth
  4166 | D        | Noticed a ghost moth
  4175 | D        | Killed a ghost moth
  4189 | D        | Killed a ghost moth
  4211 | D        | Noticed a ghost moth
  4212 | D        | Noticed a ghost moth
  4217 | D        | Killed a ghost moth
  4217 | D        | Killed a ghost moth
  4221 | D        | Got a gossamer rune of Zot
  4468 | D        | Got a decaying rune of Zot
  4489 | D        | Noticed a nagaraja
  4490 | D        | Noticed a nagaraja
  4494 | D        | Noticed a nagaraja
  4501 | D        | Noticed a nagaraja
  4507 | D        | Killed a nagaraja
  4508 | D        | Noticed a nagaraja
  4509 | D        | Killed a nagaraja
  4516 | D        | Killed a nagaraja
  4519 | D        | Killed a nagaraja
  4526 | D        | Killed a nagaraja
  4526 | D        | Received a gift from Okawaru
  4536 | D        | Got a serpentine rune of Zot
  4671 | D        | Received a gift from Okawaru
  4689 | D        | Reached XP level 16. HP: 167/167 MP: 19/24
  4718 | D        | Received a gift from Okawaru
  4772 | D        | Received a gift from Okawaru
  4815 | D        | Noticed a shadow dragon
  4820 | D        | Noticed a sphinx
  4823 | D        | Killed a shadow dragon
  4823 | D        | Received a gift from Okawaru
  4824 | D        | Noticed a sphinx
  4826 | D        | Noticed a shadow dragon
  4829 | D        | Killed a sphinx
  4830 | D        | Killed a sphinx
  4831 | D        | Noticed a shadow dragon
  4836 | D        | Received a gift from Okawaru
  4841 | D        | Killed a shadow dragon
  4849 | D        | Killed a shadow dragon
  4933 | D        | Found the +0 staff of Battle
  4933 | D        | Noticed a shadow dragon
  4933 | D        | Noticed a tentacled monstrosity
  4933 | D        | Noticed a lich
  4933 | D        | Noticed a tentacled monstrosity
  4933 | D        | Noticed a shadow dragon
  4945 | D        | Killed a shadow dragon
  4946 | D        | Killed a tentacled monstrosity
  4947 | D        | Noticed an ancient lich
  4949 | D        | Killed a shadow dragon
  4950 | D        | Reached skill level 10 in Evocations
  4950 | D        | Noticed a shadow dragon
  4953 | D        | Killed a lich
  4959 | D        | Killed a tentacled monstrosity
  4963 | D        | Killed an ancient lich
  4967 | D        | Killed a shadow dragon
  4969 | D        | Identified the +3 long sword "Jutyuc" {vorpal, rN+++ rCorr
                  | Dex+6}
  4972 | D        | Got a silver rune of Zot
  5012 | D        | Noticed Xtahua
  5022 | D        | Killed Xtahua
  5066 | D        | Noticed Donald
  5071 | D        | Killed Donald
  5072 | D        | Reached skill level 15 in Evocations
  5075 | D        | Noticed Margery
  5093 | D        | Killed Margery
  5093 | D        | Identified the +1 tower shield of Erchurhi {+Inv rC+ SInv}
                  | (Okawaru gifted it to you in the Dungeon)
  5093 | D        | Received a gift from Okawaru
  5182 | D        | Got the ring "Siomun" {Fire MP+9}
  5185 | D        | Got the ring "Ytwup" {AC+3 Int+3 SInv}
  5188 | D        | Got the ring "Voufeem" {rElec rF+ Int-3 Dex+2 Slay+3}
  5191 | D        | Got the ring of the Unstoppable Xalams {rC- EV+3 Str+4
                  | Dex+4}
  5195 | D        | Got the ring of the Freezing Rambutan {rPois rN+ Str+3
                  | Stlth-}
  5208 | D        | Got the +5 double sword "Vaij" {drain, MP+9 Stlth+}
  5312 | D        | Noticed Mara
  5316 | D        | Noticed SmokeWeed's illusion
  5334 | D        | Killed Mara
  5335 | D        | Reached XP level 17. HP: 181/183 MP: 26/26
  5357 | D        | Noticed Boris
  5368 | D        | Killed Boris
  5398 | D        | Noticed a lich
  5406 | D        | Reached skill level 15 in Invocations
  5407 | D        | Killed a lich
  5427 | D        | Reached skill level 27 in Long Blades
  5452 | D        | Noticed a bone dragon
  5452 | D        | Noticed a golden dragon
  5466 | D        | Killed a golden dragon
  5474 | D        | Killed a bone dragon
  5504 | D        | Identified the +0 kite shield of Exorud {Fly Dex+6 Stlth-}
                  | (Okawaru gifted it to you in the Dungeon)
  5504 | D        | Received a gift from Okawaru
  5541 | D        | Noticed a tentacled monstrosity
  5541 | D        | Noticed a golden dragon
  5548 | D        | Noticed a tentacled monstrosity
  5552 | D        | Killed a tentacled monstrosity
  5556 | D        | Killed a golden dragon
  5564 | D        | Killed a tentacled monstrosity
  5579 | D        | Reached skill level 27 in Shields
  5635 | D        | Noticed a quicksilver dragon
  5642 | D        | Reached skill level 27 in Fighting
  5656 | D        | Killed a quicksilver dragon
  5722 | D        | Noticed an orb of fire
  5722 | D        | Noticed a quicksilver dragon
  5729 | D        | Noticed a curse toe
  5732 | D        | Killed an orb of fire
  5740 | D        | Killed a quicksilver dragon
  5742 | D        | Killed a curse toe
  5831 | D        | Noticed a golden dragon
  5852 | D        | Received a gift from Okawaru
  5866 | D        | Killed a golden dragon
  5879 | D        | Received a gift from Okawaru
  6020 | D        | Noticed an Orb Guardian
  6020 | D        | Noticed an Orb Guardian
  6020 | D        | Noticed an Orb Guardian
  6020 | D        | Noticed an Orb Guardian
  6020 | D        | Noticed an Orb Guardian
  6020 | D        | Noticed an Orb Guardian
  6024 | D        | Killed an Orb Guardian
  6024 | D        | Noticed an Orb Guardian
  6031 | D        | Killed an Orb Guardian
  6038 | D        | Killed an Orb Guardian
  6039 | D        | Reached XP level 18. HP: 200/200 MP: 30/30
  6039 | D        | Killed an Orb Guardian
  6040 | D        | Noticed an Orb Guardian
  6045 | D        | Killed an Orb Guardian
  6049 | D        | Killed an Orb Guardian
  6050 | D        | Noticed an Orb Guardian
  6055 | D        | Noticed an Orb Guardian
  6055 | D        | Killed an Orb Guardian
  6072 | D        | Killed an Orb Guardian
  6081 | D        | Killed an Orb Guardian
  6082 | D        | Killed an Orb Guardian
  6083 | D        | Reached skill level 27 in Throwing
  6090 | D        | Noticed a tentacled monstrosity
  6090 | D        | Noticed a tentacled monstrosity
  6090 | D        | Noticed an Orb Guardian
  6090 | D        | Noticed an Orb Guardian
  6090 | D        | Noticed a golden dragon
  6091 | D        | Noticed an Orb Guardian
  6095 | D        | Killed a golden dragon
  6095 | D        | Received a gift from Okawaru
  6096 | D        | Noticed an Orb Guardian
  6111 | D        | Killed a tentacled monstrosity
  6116 | D        | Killed a tentacled monstrosity
  6123 | D        | Killed an Orb Guardian
  6125 | D        | Killed an Orb Guardian
  6126 | D        | Reached skill level 27 in Armour
  6129 | D        | Killed an Orb Guardian
  6134 | D        | Killed an Orb Guardian
  6151 | D        | Noticed an ancient lich
  6160 | D        | Killed an ancient lich
  6164 | D        | Noticed an orb of fire
  6165 | D        | Gained mutation: You are dopey. (Int -2) [an orb of fire]
  6179 | D        | Gained mutation: You are clumsy. (Dex -2) [an orb of fire]
  6180 | D        | Killed an orb of fire
  6295 | D        | Noticed an electric golem
  6311 | D        | Killed an electric golem
  6314 | D        | Noticed a tentacled monstrosity
  6314 | D        | Noticed a tentacled monstrosity
  6314 | D        | Noticed an orb of fire
  6314 | D        | Noticed a golden dragon
  6314 | D        | Noticed an Orb Guardian
  6316 | D        | Killed an Orb Guardian
  6317 | D        | Noticed an orb of fire
  6324 | D        | Noticed an ancient lich
  6325 | D        | Killed a tentacled monstrosity
  6326 | D        | Killed an orb of fire
  6328 | D        | Killed a tentacled monstrosity
  6329 | D        | Reached skill level 27 in Invocations
  6332 | D        | Killed a golden dragon
  6333 | D        | Reached skill level 5 in Necromancy
  6342 | D        | Killed an ancient lich
  6342 | D        | Lost mutation: You are dopey. (Int -2) [an orb of fire]
  6349 | D        | Killed an orb of fire
  6351 | D        | Received a gift from Okawaru
  6415 | D        | Noticed a Killer Klown
  6427 | D        | Killed a Killer Klown
  6478 | D        | Noticed an electric golem
  6498 | D        | Killed an electric golem
  6588 | D        | Noticed an Orb Guardian
  6588 | D        | Noticed an Orb Guardian
  6588 | D        | Noticed an Orb Guardian
  6588 | D        | Noticed an Orb Guardian
  6588 | D        | Noticed an Orb Guardian
  6588 | D        | Noticed an Orb Guardian
  6595 | D        | Killed an Orb Guardian
  6604 | D        | Killed an Orb Guardian
  6604 | D        | Received a gift from Okawaru
  6606 | D        | Killed an Orb Guardian
  6611 | D        | Killed an Orb Guardian
  6611 | D        | Noticed an Orb Guardian
  6625 | D        | Killed an Orb Guardian
  6625 | D        | Received a gift from Okawaru
  6626 | D        | Noticed an Orb Guardian
  6628 | D        | Noticed an Orb Guardian
  6632 | D        | Killed an Orb Guardian
  6633 | D        | Killed an Orb Guardian
  6636 | D        | Noticed an Orb Guardian
  6643 | D        | Killed an Orb Guardian
  6644 | D        | Reached XP level 19. HP: 207/207 MP: 35/35
  6792 | D        | Noticed an ancient lich
  6800 | D        | Noticed an ancient lich
  6803 | D        | Killed an ancient lich
  6803 | D        | Received a gift from Okawaru
  6814 | D        | Killed an ancient lich
  6814 | D        | Received a gift from Okawaru
  6815 | D        | Reached skill level 27 in Evocations
  6820 | D        | Reached skill level 5 in Spellcasting
  6958 | D        | Got an elven rune of Zot
  6992 | D        | Reached skill level 15 in Stealth
  6999 | D        | Noticed the Royal Jelly
  7006 | D        | Killed the Royal Jelly
  7060 | D        | Got a slimy rune of Zot
  7162 | D        | Received a gift from Okawaru
  7274 | D        | Reached XP level 20. HP: 120/216 MP: 34/36
  7359 | D        | Received a gift from Okawaru
  7376 | D        | Noticed a royal mummy
  7376 | D        | Noticed a royal mummy
  7376 | D        | Noticed a royal mummy
  7376 | D        | Noticed a royal mummy
  7381 | D        | Killed a royal mummy
  7382 | D        | Killed a royal mummy
  7383 | D        | Noticed a royal mummy
  7384 | D        | Killed a royal mummy
  7384 | D        | Identified the +1 tower shield of Surprise {rElec MP+9
                  | Dex-4} (Okawaru gifted it to you in the Dungeon)
  7384 | D        | Received a gift from Okawaru
  7385 | D        | Reached skill level 27 in Stealth
  7385 | D        | Killed a royal mummy
  7459 | D        | Killed a royal mummy
  7460 | D        | Reached skill level 10 in Short Blades
  7460 | D        | Reached skill level 10 in Slings
  7460 | D        | Reached skill level 10 in Unarmed Combat
  7474 | D        | Noticed a royal mummy
  7490 | D        | Killed a royal mummy
  7494 | D        | Noticed a royal mummy
  7508 | D        | Killed a royal mummy
  7511 | D        | Got a golden rune of Zot
  7580 | D        | Got an abyssal rune of Zot
  7961 | D        | Noticed Geryon
  7984 | D        | Killed Geryon
  7988 | D        | Noticed Lom Lobon
  7988 | D        | Found the +4 staff of Dispater
  7988 | D        | Noticed Dispater
  7989 | D        | Noticed Mnoleg
  8015 | D        | Killed Dispater
  8052 | D        | Killed Lom Lobon
  8067 | D        | Killed Mnoleg
  8071 | D        | Noticed Gloorx Vloq
  8091 | D        | Killed Gloorx Vloq
  8114 | D        | Got an iron rune of Zot
  8118 | D        | Got a magical rune of Zot
  8120 | D        | Found the +6 sword of Cerebov {flame}
  8120 | D        | Noticed Cerebov
  8125 | D        | Noticed Antaeus
  8173 | D        | Killed Antaeus
  8174 | D        | Reached skill level 10 in Necromancy
  8176 | D        | Killed Cerebov
  8176 | D        | Received a gift from Okawaru
  8177 | D        | Reached skill level 15 in Short Blades
  8177 | D        | Reached skill level 15 in Slings
  8177 | D        | Reached skill level 15 in Unarmed Combat
  8178 | D        | Got a glowing rune of Zot
  8188 | D        | Got a dark rune of Zot
  8190 | D        | Found the +7 sceptre of Asmodeus
  8190 | D        | Noticed Asmodeus
  8193 | D        | Noticed Ereshkigal
  8215 | D        | Killed Asmodeus
  8215 | D        | Identified the +2 robe of Tahithyss {Str+3} (Okawaru gifted
                  | it to you in the Dungeon)
  8215 | D        | Received a gift from Okawaru
  8216 | D        | Reached skill level 10 in Spellcasting
  8394 | D        | Paralysed by Ereshkigal for 7 turns
  8396 | D        | HP: 10/210 [Ereshkigal (9)]
  8402 | D        | HP: 8/306 [???[Ereshkigal] (6)]
  8410 | D        | HP: 4/306 [Ereshkigal (8)]
  8410 | D        | Killed from afar by a Tzitzimitl

Illustrated notes

Levels and vault maps discovered:
D:        linesprint [early_d, line_temple, items_1, d_10, items_2, lair_1,
          lair_end, items_3, orc_1, orc_end, items_4, d_15, swamp_1, shoals_1,
          snake_1, spider_1, d_20, vaults_1, items_5, swamp_end, shoals_end,
          snake_end, spider_end, vaults_end, d_27, items_6, zot_1, zot_end,
          crypt_end, forest_end, elf_end, slime_end, tomb_end, abyss_end,
          pan_hell_end]

Skill      XL: |  1  2  3  4  5  6  7  8  9 10 11 12 13 14 15 16 17 18 19 20 |
---------------+-------------------------------------------------------------+-----
Fighting       | 5 11 12 13 14 15 17 18 19 21 24 27 | 27.0
Long Blades    | 6 10 11 14 16 18 20 21 23 26 27 | 27.0
Armour         | 8 9 10 11 17 19 20 21 25 27 | 27.0
Dodging        | 7 9 11 12 13 15 16 17 21 | 21.4
Invocations    | 6 7 8 9 10 13 14 19 27 | 27.0
Throwing       | 3 10 11 13 19 20 21 26 27 | 27.0
Short Blades   | 3 7 9 15 | 15.9
Slings         | 3 7 9 15 | 15.9
Stealth        | 3 5 6 24 27 | 27.0
Unarmed Combat | 3 7 9 15 | 15.8
Spellcasting   | 2 4 5 10 | 10.3
Necromancy     | 2 4 5 6 11 | 11.2
Evocations     | 3 6 17 23 27 | 27.0
Shields        | 2 11 22 24 27 | 27.0

Action                   |  1- 3 |  4- 6 |  7- 9 | 10-12 | 13-15 | 16-18 | 19-21 || total
-------------------------+-------+-------+-------+-------+-------+-------+-------++-------
Melee: Long sword        |    10 |     7 |       |       |       |       |    24 ||    41
       Headbutt          |     3 |     6 |     7 |    38 |    93 |   183 |    92 ||   422
       Scimitar          |       |    15 |    39 |   109 |       |       |       ||   163
       Triple sword      |       |       |       |    31 |   158 |       |       ||   189
       Rapier            |       |       |       |     4 |       |       |       ||     4
       Punch             |       |       |       |     1 |       |       |       ||     1
       Double sword      |       |       |       |       |   190 |   564 |   270 ||  1024
Throw: Throwing net      |     1 |     1 |       |     5 |     2 |     3 |     1 ||    13
       Javelin           |       |       |       |    29 |    60 |    67 |    99 ||   255
       Stone             |       |       |       |    36 |     8 |       |       ||    44
       Boomerang         |       |       |       |    20 |       |       |    59 ||    79
       Dart              |       |       |       |       |       |     1 |     7 ||     8
Invok: Heroism           |       |       |     3 |    10 |    16 |    17 |    10 ||    56
       Finesse           |       |       |     1 |     6 |    13 |    11 |     9 ||    40
 Abil: Evoke Invisibilit |       |       |       |       |       |     1 |     5 ||     6
Evoke: Wand              |       |       |       |     3 |     1 |     2 |     1 ||     7
  Use: Potion            |     1 |     4 |       |     1 |       |     1 |    12 ||    19
       Scroll            |       |       |       |     1 |     9 |     1 |     5 ||    16
 Stab: Invisible         |       |     1 |     1 |       |       |       |     7 ||     9
       Held in net/web   |       |       |       |     1 |       |       |       ||     1
       Sleeping          |       |       |       |       |       |       |     1 ||     1
Armor: Leather armour    |     1 |     2 |       |       |       |       |       ||     3
       Scale mail        |       |       |    14 |     9 |       |       |       ||    23
       Plate armour      |       |       |       |    12 |       |       |       ||    12
       Crystal plate arm |       |       |       |    10 |    87 |    78 |    32 ||   207
Dodge: Dodged            |     6 |     8 |    18 |    44 |    89 |    92 |    41 ||   298
Block: Other             |       |       |       |     2 |    15 |       |       ||    17
       Reflection        |       |       |       |     1 |     5 |     7 |     2 ||    15
       Buckler           |       |       |       |       |     9 |       |       ||     9
       Tower shield      |       |       |       |       |   102 |   385 |   159 ||   646

Table legend: (Time is in decaauts)
 A = Elapsed time spent in this place.
 B = Non-inter-level travel time spent in this place.
 C = Inter-level travel time spent in this place.
 D = Time resting spent in this place.
 E = Time spent auto-exploring this place.
 F = Levels seen in this place.
 G = Mean time per level.
                   A        B        C        D        E       F      G
               +--------+--------+--------+--------+--------+-----+--------+
         Total |   7409 |   7409 |      0 |   2497 |    134 |   1 | 7409.0 |
       Dungeon |   7409 |   7409 |      0 |   2497 |    134 |   1 | 7409.0 |
               +--------+--------+--------+--------+--------+-----+--------+

Top non-repeatable levels by time:
       D: 7409 daAuts
